 Dungeon Crawl Stone Soup version 0.31-a0-164-g2312942fda (webtiles) character file.

Game seed: 13207724498623326073

67 qw the Shooter (level 4, 0/39 HPs)
             Began as a Naga Hunter on June 13, 2023.
             Succumbed to an adder's poison
             ... in a sewer.
             The game lasted 00:00:34 (2040 turns).

qw the Shooter (Naga Hunter)                        Turns: 2040, Time: 00:00:34

Health: 0/39       AC:  2    Str: 13    XL:     4   Next: 18%
Magic:  4/4        EV: 14    Int: 10    God:
Gold:   100        SH:  0    Dex: 16    Spells: 3/3 levels left

rFire   . . .        Y - +0 shortbow
rCold   . . .        (shield currently unavailable)
rNeg    . . .        c - +0 leather armour
rPois   +            (no helmet)
rElec   .            (no cloak)
rCorr   .            (no gloves)
SInv    +            (no barding)
Will    .....        (no amulet)
Stlth   ++           k - +5 ring of evasion
HPRegen 0.26/turn    (no ring)
MPRegen 0.09/turn

%: no passive effects
@: lethally poisoned (0 -> -3), short of breath, very slow
A: AC +1, large, see invisible, deformed body, poison resistance, slowness 2,
spit poison 1, naga tail 1
a: Spit Poison


You were in a sewer.
You visited 1 branch of the dungeon, and saw 3 of its levels.
You also visited: Sewer.

You collected 100 gold pieces.


Innate Abilities, Weirdness & Mutations

Your serpentine skin is tough. (AC +1)
You have supernaturally acute eyesight. (SInv)
Armour fits poorly on your strangely shaped body.
Your system is resistant to poisons. (rPois)
You cover ground very slowly.
You can spit poison.
You have a snake-like lower body.


   Skills:
 + Level 2.2 Fighting
 - Level 5.0 Ranged Weapons
 - Level 1.5 Dodging
 - Level 1.5 Stealth


You had 3 spell levels left.
You didn't know any spells.
Your spell library was empty.

Inventory:

Hand Weapons
 Y - a +0 shortbow (weapon)
Armour
 c - a +0 leather armour (worn)
Jewellery
 k - a +5 ring of evasion (left hand)
Scrolls
 a - a scroll of identify
Potions
 b - a potion of might {unknown}
 d - a potion of berserk rage {unknown}
 e - a potion of haste {unknown}
 f - a potion of curing {unknown}
 g - a potion of magic {unknown}
 j - a potion of enlightenment {unknown}

Dungeon Overview and Level Annotations

Branches:
Dungeon (3/15)              Sewer (1/1)

Altars:

Shops:
D:2 (


Message History

You feel sick. The adder bites you.
The rat splashes around in the water.
The river rat closely misses you.
You shoot an arrow. The arrow hits the river rat.
The river rat is almost dead.
You have got your breath back.
You feel sick. The adder bites you. The rat bites you.
The river rat barely misses you. The adder barely misses you.
2035 ||| INVOKING Spit Poison.
Aiming: Spit Poison (1% risk of failure)
Press: ? - help, Shift-Dir - straight line, f/p - river rat The splash of poison misses the river rat.
You feel sick.
You are no longer poisoned.
The rat splashes around in the water.
The adder bites you.
You are poisoned.
The adder poisons you! The river rat bites you.
You shoot an arrow. The arrow barely misses the river rat.
You feel sick. The adder misses you. The river rat barely misses you.
The adder bites you.
You shoot an arrow. The arrow hits the river rat!
You kill the river rat!
You feel sick. The rat bites you. The adder barely misses you.
A rat comes into view.
You shoot an arrow. The arrow barely misses the adder.
The arrow hits the rat.
The rat is moderately wounded.
You feel sick. The adder bites you.
You are lethally poisoned!
The adder poisons you! The rat closely misses you.
The rat splashes around in the water.
The adder completely misses you.
You shoot an arrow. The arrow hits the adder.
The adder is moderately wounded.
You have got your breath back.
You feel sick.
The rat splashes around in the water.
The adder closely misses you. The rat closely misses you. The rat misses you.
2040 ||| INVOKING Spit Poison.
Aiming: Spit Poison (1% risk of failure)
Press: ? - help, Shift-Dir - straight line, f/p - adder The splash of poison hits the adder.
The adder is poisoned.
The adder is almost dead.
You die...

#~~~~~~#
#~~~~~~#
#~~~#~~#
#~~~~~~#
#~~~~.~#
#~~#~~~#
#~.~~~~#
#~~~~~~#
#~~@r~~#
#~rSr~~#
#~~~~~~#
#~~~~~~#
#...~..#
#r.....#
......##
.......#


You could see an adder (poisoned) and 4 rats.

Vanquished Creatures
  2 adders
  A river rat (Sewer)
  A ball python (D:1)
  7 endoplasms
  3 giant cockroaches (D:1)
  3 goblins
  3 hobgoblins
  7 jackals
  A quokka (D:2)
  A bat (D:1)
  A frilled lizard (D:2)
  2 kobolds (D:1)
  3 rats (D:1)
35 creatures vanquished.

Notes
Turn   | Place    | Note
-------+----------+-------------------------------------------
     0 | D:1      | qw the Naga Hunter began the quest for the Orb.
     0 | D:1      | Reached XP level 1. HP: 19/19 MP: 1/1
     0 | D:1      | 0 ||| qw: Version: 0.2-a-29-gc1b59c4
     0 | D:1      | 0 ||| qw: Game counter: 4538
     0 | D:1      | 0 ||| qw: Always use a shield: true
     0 | D:1      | 0 ||| qw: God list: Okawaru
     0 | D:1      | 0 ||| qw: Allow faded altars: false
     0 | D:1      | 0 ||| qw: Do Orc after D:15 true
     0 | D:1      | 0 ||| qw: Do second Lair branch before Depths: true
     0 | D:1      | 0 ||| qw: Lair rune preference: random
     0 | D:1      | 0 ||| qw: Plans: Normal
     0 | D:1      | 0 ||| PLANNING D:1-11
     3 | D:1      | 3 ||| INVOKING Spit Poison.
    31 | D:1      | 31 ||| INVOKING Spit Poison.
    34 | D:1      | 34 ||| INVOKING Spit Poison.
    73 | D:1      | Reached skill level 4 in Ranged Weapons
    73 | D:1      | Reached XP level 2. HP: 26/26 MP: 2/2
   147 | D:1      | 147 ||| INVOKING Spit Poison.
   177 | D:1      | 177 ||| INVOKING Spit Poison.
   183 | D:1      | 183 ||| INVOKING Spit Poison.
   189 | D:1      | 189 ||| INVOKING Spit Poison.
   377 | D:1      | 377 ||| INVOKING Spit Poison.
   435 | D:1      | 435 ||| INVOKING Spit Poison.
   507 | D:1      | 507 ||| INVOKING Spit Poison.
   719 | D:1      | 719 ||| INVOKING Spit Poison.
   760 | D:1      | 760 ||| INVOKING Spit Poison.
   761 | D:1      | Reached XP level 3. HP: 32/32 MP: 3/3
   829 | D:1      | 829 ||| UPGRADING to +5 ring of evasion.
   830 | D:1      | 830 ||| READING scroll labelled SAMAMI XUSHRO.
   831 | D:1      | 831 ||| READING scroll labelled KUPNYM ZEUL.
   932 | D:1      | 932 ||| READING scroll labelled MATUF TEUPN.
   935 | D:1      | 935 ||| READING scroll labelled RUANLO MAUNICRACW.
   936 | D:1      | 936 ||| DROPPING scroll of butterflies.
   982 | D:2      | 982 ||| INVOKING Spit Poison.
  1004 | D:2      | 1004 ||| INVOKING Spit Poison.
  1010 | D:2      | 1010 ||| INVOKING Spit Poison.
  1182 | D:2      | 1182 ||| INVOKING Spit Poison.
  1424 | D:2      | 1424 ||| INVOKING Spit Poison.
  1430 | D:2      | 1430 ||| INVOKING Spit Poison.
  1477 | D:2      | Found Mamiw's Weapon Emporium.
  1477 | D:2      | Noticed a +0 quick blade
  1559 | D:2      | Noticed a +0 triple crossbow
  1822 | D:3      | 1822 ||| PLANNING SEWER
  1999 | D:3      | Reached skill level 5 in Ranged Weapons
  1999 | D:3      | Reached XP level 4. HP: 39/39 MP: 4/4
  2000 | D:3      | Found a glowing drain.
  2009 | Sewer    | Entered a sewer
  2026 | Sewer    | 2026 ||| INVOKING Spit Poison.
  2029 | Sewer    | 2029 ||| INVOKING Spit Poison.
  2035 | Sewer    | 2035 ||| INVOKING Spit Poison.
  2035 | Sewer    | HP: 9/39 [river rat (2)]
  2037 | Sewer    | HP: 4/39 [rat (1)]
  2039 | Sewer    | HP: 1/39 [poisoned by an adder]
  2040 | Sewer    | 2040 ||| INVOKING Spit Poison.
  2040 | Sewer    | Succumbed to an adder's poison

Levels and vault maps discovered:
D:1:      scummos_arrival_forest, layout_basic
D:2:      layout_basic, serial_shops, nicolae_shop_mannequins
D:3:      layout_loops_ring, portal_sewer_entry_d, serial_aquarium,
          aquarium_bridge_square [aquarium_subvault_bridge,
          aquarium_subvault_bridge, aquarium_subvault_wall,
          aquarium_subvault_bridge], aquarium_window_2, aquarium_window_fake,
          aquarium_window_fake, aquarium_view_2e, chequers_serial_rivers_room_b,
          minmay_misc_feat_five, uniq_robin
Sewer:    sewer_minmay_w

Skill      XL: |  1  2  3 |
---------------+----------+-----
Ranged Weapons | 4 5 |  5.0
Fighting       | |  2.2
Dodging        | |  1.5
Stealth        | |  1.5

Action                     |  1- 3 |  4- 6 || total
---------------------------+-------+-------++-------
   Fire: Shortbow          |    72 |    13 ||    85
Ability: Spit Poison       |    18 |     4 ||    22
    Use: Scroll            |     4 |       ||     4
 Armour: Leather armour    |     5 |     1 ||     6
  Dodge: Dodged            |    18 |    16 ||    34

Table legend:
 A = Non-vault XP
 B = Vault XP
 C = Vault XP percentage of total XP
 D = Non-vault monster count
 E = Vault monster count
 F = Vault count percentage of total count
                 A         B        C        D         E       F
            +---------+---------+-------+---------+---------+-------
      Total |      71 |      26 |  26.8 |      33 |       2 |   5.7
            +---------+---------+-------+---------+---------+-------
        D:1 |      34 |       0 |   0.0 |      20 |       0 |   0.0
        D:2 |      35 |       0 |   0.0 |      12 |       0 |   0.0
        D:3 |       2 |      13 |  86.7 |       1 |       1 |  50.0
      Sewer |       0 |      13 | 100.0 |       0 |       1 | 100.0
            +---------+---------+-------+---------+---------+-------
